 Dungeon Crawl Stone Soup version 0.20.1-1-g8b1a95d (webtiles) character file.

2606 Irenicus the Thaumaturge (level 9, -5/57 HPs)
             Began as a Mummy Necromancer on Nov 7, 2017.
             Was an Initiate of Gozag.
             Slain by a hog (11 damage)
             ... on level 7 of the Dungeon.
             The game lasted 00:21:05 (3614 turns).

Irenicus the Thaumaturge (Mummy Necromancer)        Turns: 3614, Time: 00:21:06

Health: -5/57      AC:  8    Str: 12    XL:     9   Next: 33%
Magic:  2/25       EV: 11    Int: 17    God:    Gozag
Gold:   537        SH:  0    Dex: 12    Spells: 23/32 levels left

rFire    x . .     SeeInvis .   g - +1 dagger (venom)
rCold    + + .     Gourm    .   (no shield)
rNeg     + + +     Faith    .   e - +3 leather armour
rPois    ∞         Spirit   .   p - +0 helmet
rElec    .         Reflect  .   o - +0 cloak
rCorr    .         Harm     .   (no gloves)
MR       ++...                  (no boots)
Stlth    +.........             (no amulet)
Regen    0.2/turn               j - ring of protection from cold
MPRegen  0.2/turn               r - ring of protection from magic

@: gold aura
A: no food or potions, fire vulnerability, cold resistance 1, negative energy
resistance 3, torment resistance, unbreathing
a: Potion Petition, Call Merchant, Bribe Branch, Renounce Religion


You were on level 7 of the Dungeon.
You worshipped Gozag.
Gozag was pleased with you.
You were not hungry.

You visited 1 branch of the dungeon, and saw 7 of its levels.
You also visited: Sewer.

You collected 614 gold pieces.
You paid 77 gold pieces to Gozag.

Inventory:

Hand Weapons
 g - a +1 dagger of venom (weapon)
Missiles
 c - 8 javelins (quivered)
Armour
 e - a +3 leather armour (worn)
 o - a +0 cloak (worn)
 p - a +0 helmet (worn)
Jewellery
 j - a ring of protection from cold (left hand)
 m - an uncursed ring of ice
 r - a ring of protection from magic (right hand)
Wands
 d - a wand of flame (30/48)
 k - a wand of iceblast (4/15)
 t - a wand of paralysis (13/24)
Scrolls
 a - a scroll of immolation
 f - a scroll of remove curse
 i - a scroll of enchant weapon
 l - a scroll of magic mapping
 n - 3 scrolls of teleportation
 q - a scroll of fog {unknown}
 s - 2 scrolls of identify
 u - a scroll of amnesia {unknown}
Books
 b - a book of Necromancy

   Spells                             Type                      Level
   a - Pain                           Necromancy                   1
   b - Animate Skeleton               Necromancy                   1
   c - Vampiric Draining              Necromancy                   3
   d - Regeneration                   Charms/Necromancy            3
   e - Animate Dead                   Necromancy                   4
   f - Control Undead                 Necromancy                   4


   Skills:
 - Level 1.5 Dodging
 - Level 1.5 Stealth
 + Level 12.4 Spellcasting
 - Level 8.3 Necromancy


You had 23 spell levels left.
You knew the following spells:

 Your Spells              Type           Power        Failure   Level  Hunger
a - Pain                  Necr           ####         1%          1    N/A
b - Animate Skeleton      Necr           N/A          1%          1    N/A
c - Control Undead        Necr           #####.....   2%          4    N/A
e - Vampiric Draining     Necr           #####.....   1%          3    N/A

Dungeon Overview and Level Annotations

Branches:
Dungeon (7/15)             Temple (0/1) D:5

Altars:
Gozag
Hepliaklqana
Sif Muna
Xom
Yredelemnul
Zin

Shops:
D:4 !*   D:5 *

Annotations:
D:3 AdmiralAndromeda's ghost, amateur MiFi; Grinder
D:4 Regeox's ghost, amateur DsCK


Innate Abilities, Weirdness & Mutations

You do not eat or drink.
Your flesh is vulnerable to fire.
You are immune to poison.
Your flesh is cold resistant. (rC+)
You are immune to negative energy. (rN+++)
You are immune to unholy pain and torment.
You can survive without breathing.


Message History

Casting: Vampiric Draining
Confirm with . or Enter, or press ? or * to list all spells.
Aiming: Vampiric Draining
Press: ? - help, Shift-Dir - straight line, f/p - hog
Aim: a hog (heavily wounded, poisoned)
The hog is severely wounded.
You feel life coursing into your body. The hog bites you!
* * * LOW HITPOINT WARNING * * *
The hog closely misses you.
You kill the hog!
The hog is distracted by the nearby gold.
The hog squeals angrily.
You hit the hog but do no damage.
The hog is poisoned.
The hog is no longer distracted by gold.
The hog is distracted by the nearby gold.
The hog bites you!
* * * LOW HITPOINT WARNING * * *
The hog bites you!
You die...
Your body crumbles into a pile of gold.

...########.....###......####.,**
................#.......##...,**,
...########.......#.....#P.#*##,,
...########.............#.##...,<
...(.)(........)>#............>,,
....#######.....####...........,,
...## #....(.............##..,,
..## ###.##.)##.h...h$......#***
..#####...##....@#####$#......#**
..#.....#.......##..#..#.......**
....##.....##..###.h#(.#.......,*
...............# #.hY..#.......,,
....###..####.## #..#.%#.......,,
....###.## #..# #..#%%#.......,,
....##..# ##.## #######.......,,
.......####..# *,,,,,,,,,,
..###### #..## *,,,,,,,,,,


You could see 2 hogs.

Vanquished Creatures
  A hippogriff (D:7)
  A wyvern (D:6)
  A yak (D:7)
  A hog (D:7)
  A human (D:7)
  A water moccasin (D:6)
  2 ice beasts
  2 sky beasts
  Purgy (Sewer)
  2 orc warriors
  3 ogres
  A centaur (D:7)
  3 scorpions
  A wight (D:6)
  2 crimson imps
  A quasit (D:7)
  2 hounds
  Crazy Yiuf (D:7)
  An orc priest (D:7)
  2 orc wizards
  A bullfrog skeleton (D:6)
  2 iguanas
  3 worker ants
  3 gnolls (D:6)
  2 adders
  A shadow imp (D:7)
  An ooze (D:5)
  An adder skeleton (D:7)
  2 worms
  A leopard gecko (D:7)
  7 orcs
  3 ball pythons
  9 bats
  8 giant cockroaches
  6 goblins
  4 hobgoblins
  2 quokkas
  5 frilled lizards
  A jackal skeleton (D:6)
  5 kobolds
  A quokka skeleton (D:4)
  5 rats
103 creatures vanquished.

Vanquished Creatures (collateral kills)
  A wight (D:6)
  An orc (D:4)
  A giant cockroach (D:4)
  A quokka skeleton (D:4)
4 creatures vanquished.

Vanquished Creatures (others)
  A fungus (D:7)
1 creature vanquished.

Grand Total: 108 creatures vanquished

Notes
Turn   | Place    | Note
-------+----------+-------------------------------------------
     0 | D:1      | Irenicus the Mummy Necromancer began the quest for the Orb.
     0 | D:1      | Reached XP level 1. HP: 13/13 MP: 4/4
   134 | D:1      | Reached skill level 3 in Spellcasting
   167 | D:1      | Reached XP level 2. HP: 9/19 MP: 0/6
   380 | D:1      | Learned a level 1 spell: Animate Skeleton
   606 | D:2      | Reached XP level 3. HP: 24/24 MP: 6/8
   676 | D:2      | Learned a level 3 spell: Vampiric Draining
   784 | D:3      | Reached skill level 4 in Spellcasting
   803 | D:3      | Noticed Grinder
   851 | D:3      | Paralysed by Grinder for 4 turns
   874 | D:3      | Noticed AdmiralAndromeda's ghost (amateur MiFi)
   993 | D:3      | Found a basalt altar of Yredelemnul.
  1166 | D:3      | Noticed an orc warrior
  1204 | D:3      | Killed an orc warrior
  1204 | D:3      | Reached skill level 5 in Necromancy
  1204 | D:3      | Reached XP level 4. HP: 27/30 MP: 6/10
  1204 | D:3      | Reached XP level 5. HP: 31/35 MP: 6/11
  1252 | D:4      | Noticed Regeox's ghost (amateur DsCK)
  1262 | D:4      | Learned a level 4 spell: Control Undead
  1278 | D:4      | Found a shimmering altar of Xom.
  1290 | D:4      | Found a deep blue altar of Sif Muna.
  1312 | D:4      | Found Zin's Purification Station.
  1323 | D:4      | Found a glowing silver altar of Zin.
  1388 | D:4      | Found Oheahol's Distillery.
  1420 | D:4      | Noticed an ogre
  1426 | D:4      | Killed an ogre
  1517 | D:4      | Reached XP level 6. HP: 41/41 MP: 12/12
  1662 | D:5      | Entered Level 5 of the Dungeon
  1667 | D:5      | Noticed an ice beast
  1680 | D:5      | Killed an ice beast
  1762 | D:5      | Found an opulent altar of Gozag.
  1767 | D:5      | Found Gozag's Platinum Reserve.
  1779 | D:5      | Became a worshipper of Gozag Ym Sagoz the Greedy
  1829 | D:5      | Found a staircase to the Ecumenical Temple.
  1901 | D:5      | Found a glowing drain.
  1923 | Sewer    | Entered a sewer
  1966 | Sewer    | Noticed Purgy
  1981 | Sewer    | Killed Purgy
  1981 | Sewer    | Reached XP level 7. HP: 36/46 MP: 1/13
  2108 | D:5      | Found a hazy altar of Hepliaklqana.
  2428 | D:6      | Noticed a wyvern
  2438 | D:6      | Killed a wyvern
  2438 | D:6      | Reached skill level 6 in Spellcasting
  2625 | D:6      | Reached skill level 7 in Spellcasting
  2625 | D:6      | Reached XP level 8. HP: 39/52 MP: 3/19
  2851 | D:6      | Reached skill level 8 in Spellcasting
  3043 | D:7      | Reached skill level 9 in Spellcasting
  3138 | D:7      | Found a runed door.
  3142 | D:7      | Noticed Crazy Yiuf
  3148 | D:7      | Killed Crazy Yiuf
  3189 | D:7      | Reached skill level 10 in Spellcasting
  3326 | D:7      | Noticed a hippogriff
  3353 | D:7      | Killed a hippogriff
  3353 | D:7      | Reached skill level 11 in Spellcasting
  3428 | D:7      | Reached XP level 9. HP: 53/57 MP: 2/24
  3603 | D:7      | Reached skill level 12 in Spellcasting
  3614 | D:7      | Slain by a hog

Skill      XL: |  1  2  3  4  5  6  7  8  9 |
---------------+----------------------------+-----
Spellcasting   | 3 4 7 11 12 | 12.4
Necromancy     | 5 6 8 |  8.3
Dodging        | |  1.5
Stealth        | |  1.5

Action                   |  1- 3 |  4- 6 |  7- 9 || total
-------------------------+-------+-------+-------++-------
Melee: Unarmed           |    32 |       |       ||    32
       Dagger            |    13 |    77 |   176 ||   266
 Cast: Pain              |    56 |     6 |    39 ||   101
       Vampiric Draining |     5 |    10 |    55 ||    70
       Animate Skeleton  |     1 |     1 |       ||     2
       Control Undead    |       |     2 |     2 ||     4
Evoke: Wand              |       |       |     1 ||     1
  Use: Scroll            |     3 |     2 |     3 ||     8
 Stab: Sleeping          |       |     1 |       ||     1
Armor: Robe              |    18 |       |       ||    18
       Leather armour    |     2 |    38 |    98 ||   138
Dodge: Dodged            |    43 |    64 |   142 ||   249
